AoeStats
← BombaKladSon

Arena

505866991Analyzed
1v1 RM · 19d ago on Sep 11, 2026· 25m 49s· 2 players
Game mode
Random Map
Map size
Tiny (2 player)
Population
200
Speed
Normal
Resources
Standard
Victory
Conquest
Starting age
Dark Age
Ending age
Imperial Age
RankedLock teamsTeams togetherTeam positionsShared explorationLock speedFull tech treeHidden civsTurbo modeCheats
Victory
Defeat
🇨🇱 Britons · Chile
989
+15
🇳🇱 Saracens · Netherlands
967
-15
BombaKladSon
11:05 Feudal Age
15:05 Castle Age
13:55 Stone Mining
14:02 Double-Bit Axe
21:50 Fletching
22:35 Gold Mining
GdN_Steiner
4:16 Loom
11:22 Feudal Age
17:04 Castle Age
15:15 Double-Bit Axe
16:32 Fletching
17:57 Wheelbarrow
17:14 Crossbowman
19:00 Bow Saw
19:22 Padded Archer Armor
Connection lost

Rejoining the realm…

Still unreachable

The connection could not be restored.

Session expired

The server has moved on; the page needs a fresh start.